 Dungeon Crawl Stone Soup version 0.29-a0-207-gf982a884d8 (webtiles) character file.

Game seed: 10256919105156396353

57 bande the Skirmisher (level 4, 29/29 HPs)
             Began as a Gargoyle Fighter on Feb 24, 2022.
             Quit the game on level 2 of the Dungeon.
             The game lasted 00:03:53 (1407 turns).

bande the Skirmisher (Gargoyle Fighter)             Turns: 1407, Time: 00:03:54

Health: 29/29      AC: 12    Str: 19    XL:     4   Next: 0%
Magic:  4/4        EV: 10    Int:  7    God:
Gold:   91         SH:  4    Dex: 11    Spells: 3/3 levels left

rFire   . . .      SeeInvis .   a - +0 war axe (venom)
rCold   . . .      Faith    .   c - +0 buckler
rNeg    + . .      Spirit   .   m - +4 leather armour "Koeffut" {Will+ Regen+}
rPois   ∞          Reflect  .   (no helmet)
rElec   +          Harm     .   (no cloak)
rCorr   .          Rampage  .   i - +0 pair of gloves
Will    +....                   (no boots)
Stlth   +.........              (no amulet)
HPRegen 0.89/turn               (no ring)
MPRegen 0.09/turn               (no ring)

@: no status effects
A: sickness immunity, AC +3, negative energy resistance 1, electricity
resistance, torment resistance 1, petrification resistance, deterioration 1,
dopey 1, MP-powered wands
a: no special abilities


You were on level 2 of the Dungeon.
You visited 1 branch of the dungeon, and saw 2 of its levels.

You collected 91 gold pieces.

Inventory:

Hand Weapons
 a - a +0 war axe of venom (weapon)
Armour
 c - a +0 buckler (worn)
 i - a +0 pair of gloves (worn)
 m - the +4 leather armour "Koeffut" (worn) {Will+ Regen+}
   (You found it on level 2 of the Dungeon)

   Regen:     It increases your rate of health regeneration.
   Will:      It increases your willpower.
Potions
 b - a potion of curing {unknown}
 d - a potion of might
 e - a potion of magic
 f - a potion of flight
 g - a potion of lignification {unknown}
 h - 3 potions of heal wounds
 j - a potion of attraction {unknown}
 k - a potion of brilliance {unknown}


   Skills:
 + Level 4.0 Fighting
 + Level 2.5 Axes
 + Level 3.7 Armour
 + Level 3.6 Shields


You had 3 spell levels left.
You didn't know any spells.
Your spell library contained the following spells:

 Spells                   Type           Power      Damage    Failure   Level
 Blink                    Tloc           0%         N/A       73%         2
 Manifold Assault         Tloc           0%         N/A       100%        5
 Storm Form               Tmut/Air       0%         N/A       100%        7


Dungeon Overview and Level Annotations

Branches:
Dungeon (2/15)

Altars:


Innate Abilities, Weirdness & Mutations

You are immune to sickness and miasma.
Your stone body is resilient. (AC +3)
You are immune to poison.
You resist negative energy. (rN+)
You are resistant to electric shocks. (rElec)
You are resistant to unholy torment.
You are immune to petrification.
Your body sometimes deteriorates upon taking damage.
You are dopey. (Int -2)
You expend magic power (3 MP) to strengthen your wands.


Message History

No target in view!
No target in view!
No target in view!
No target in view!
No target in view!
n - a scroll labelled PUSMAI GACIGI
As you read the scroll labelled PUSMAI GACIGI, it crumbles to dust.
A profound silence engulfs you.
It was a scroll of silence.
Found 30 stones.
You now have 76 gold pieces (gained 2).
You see here 30 stones.
Your hearing returns.
You now have 91 gold pieces (gained 15).
n - a scroll of identify You see here a +0 dagger.
An adder comes into view.
Found a stone staircase leading down.
The adder hisses angrily.
The adder bites you but does no damage.
There is a stone staircase leading down here.
You slash the adder!
The adder is poisoned.
The adder is almost dead.
The adder bites you but does no damage. x2
You hit the adder.
You kill the adder!
You have reached level 4!
You feel clever.
As you read the scroll of identify, it crumbles to dust.
l - 2 potions of mutation Really quaff the potion of mutation?
You feel extremely strange.
Your system partially rejects the healing effects of potions.
You feel resistant to cold.
You feel your magical essence link to the dungeon's wands.
Really quaff the potion of mutation?
You feel extremely strange.
You no longer feel cold resistant.
Your system completely accepts the healing effects of potions.
You feel stupid.
You feel yourself wasting away.
Are you sure you want to abandon this character and quit the game? (Confirm with "yes".)

#.# #.###.### # #.#
#...## # #.# ##.## #
#.# #.#######
#.########.......#
###.........)#####.#
#......####### #.#
#.#.##.# #.. #@##.#
### #†##.# #.##.#
#.##.# #.#... #...#.
###


There were no monsters in sight!

Vanquished Creatures
  2 adders (D:2)
  2 bats (D:2)
  A bat zombie (D:2)
  2 endoplasms (D:1)
  2 goblins
  3 hobgoblins
  2 jackals (D:1)
  5 kobolds
  3 quokkas
  5 ball pythons
  A ball python skeleton (D:2)
  A ball python zombie (D:2)
  3 frilled lizards (D:1)
  4 rats (D:1)
36 creatures vanquished.

Vanquished Creatures (others)
  A withered plant (D:2)
1 creature vanquished.

Grand Total: 37 creatures vanquished

Notes
Turn   | Place    | Note
-------+----------+-------------------------------------------
     0 | D:1      | bande the Gargoyle Fighter began the quest for the Orb.
     0 | D:1      | Reached XP level 1. HP: 14/14 MP: 1/1
   246 | D:1      | Reached XP level 2. HP: 20/20 MP: 2/2
   969 | D:1      | Reached XP level 3. HP: 22/24 MP: 3/3
  1055 | D:2      | Reached skill level 4 in Fighting
  1077 | D:2      | Identified the +4 leather armour "Koeffut" {Will+ Regen+}
  1404 | D:2      | Reached XP level 4. HP: 29/29 MP: 4/4
  1405 | D:2      | Gained mutation: Potions are less effective at restoring
                  | your health. [potion of mutation]
  1405 | D:2      | Gained mutation: Your flesh is cold resistant. (rC+)
                  | [potion of mutation]
  1405 | D:2      | Gained mutation: You expend magic power (3 MP) to
                  | strengthen your wands. [potion of mutation]
  1406 | D:2      | Lost mutation: Your flesh is cold resistant. (rC+) [potion
                  | of mutation]
  1406 | D:2      | Lost mutation: Potions are less effective at restoring your
                  | health. [potion of mutation]
  1406 | D:2      | Gained mutation: You are dopey. (Int -2) [potion of
                  | mutation]
  1406 | D:2      | Gained mutation: Your body sometimes deteriorates upon
                  | taking damage. [potion of mutation]
  1407 | D:2      | Quit the game

Illustrated notes

Levels and vault maps discovered:
D:1:      psy_arrival_terrarium, layout_loops_corners, hangedman_decor_growths
D:2:      layout_loops_ring, serial_undead, serial_undead_c, serial_undead_f,
          serial_undead_e, serial_undead_b, serial_undead_f, serial_undead_e

Skill      XL: |  1  2  3 |
---------------+----------+-----
Axes           | 2 |  2.5
Fighting       | 4 |  4.0
Armour         | |  3.7
Shields        | |  3.6

Action                   |  1- 3 |  4- 6 || total
-------------------------+-------+-------++-------
Melee: War axe           |    98 |       ||    98
  Use: Scroll            |     7 |     1 ||     8
       Potion            |       |     2 ||     2
Armor: Scale mail        |    55 |       ||    55
       Leather armour    |     7 |       ||     7
Dodge: Dodged            |    45 |       ||    45
Block: Buckler           |    22 |       ||    22

Table legend: (Time is in decaauts)
 A = Elapsed time spent in this place.
 B = Non-inter-level travel time spent in this place.
 C = Inter-level travel time spent in this place.
 D = Time resting spent in this place.
 E = Time spent auto-exploring this place.
 F = Levels seen in this place.
 G = Mean time per level.
                   A        B        C        D        E       F      G
               +--------+--------+--------+--------+--------+-----+--------+
         Total |   1451 |   1451 |      0 |      0 |   1142 |   2 |  725.5 |
       Dungeon |   1451 |   1451 |      0 |      0 |   1142 |   2 |  725.5 |
               +--------+--------+--------+--------+--------+-----+--------+

Top non-repeatable levels by time:
     D:1: 1026 daAuts
     D:2: 424 daAuts
